 Dungeon Crawl Stone Soup version 0.30.0-30-g96aa6591b8 (webtiles) character file.

Game seed: 8557757492450109241

37001 McKennaii the Devastator (level 13, -5/86 HPs)
             Began as a Demigod Conjurer on June 30, 2023.
             Hit by a silver javelin thrown by a minotaur (36 damage)
             ... in a Gauntlet.
             The game lasted 00:31:43 (20043 turns).

McKennaii the Devastator (Demigod Conjurer)        Turns: 20043, Time: 00:31:43

Health: -5/86      AC: 13    Str:  8    XL:     13   Next: 24%
Magic:  23/45      EV: 12    Int: 33    God:
Gold:   489        SH:  5    Dex: 12    Spells: 30/40 levels left

rFire   . . .        B - staff of air
rCold   + . .        (no shield)
rNeg    . . .        y - +2 steam dragon scales
rPois   .            m - +0 helmet
rElec   +            H - +0 cloak
rCorr   +            e - +0 pair of gloves
SInv    .            G - +2 pair of boots {Fly}
Will    ++...        D - amulet of Vasat {Reflect Fly rC+ MP+9 Int-3 SH+5}
Stlth   ++           r - ring of resist corrosion
HPRegen 0.34/turn    K - ring of willpower
MPRegen 0.29/turn

%: no teleportation, reflection
@: flying, studying Stealth
A: high MP 1, forlorn, divine attributes
a: no special abilities


You were in a Gauntlet.
You visited 3 branches of the dungeon, and saw 16 of its levels.
You also visited: Ossuary, Bailey and Gauntlet.

You collected 959 gold pieces.
You spent 470 gold pieces at shops.

Inventory:

Hand Weapons
 c - the +9 sword of Power {lifebolt}
   (You took it off a kobold brigand in a bailey)
Armour
 e - a +0 pair of gloves (worn)
 m - a +0 helmet (worn)
 y - +2 steam dragon scales (worn)
 G - a +2 pair of boots of flying (worn)
 H - a +0 cloak (worn)
 L - a +2 kite shield
Magical Staves
 B - a staff of air (weapon)
Jewellery
 h - the ring "Det Eten" {*Slow rN+++ rCorr Int+3 Slay+2}
   (You found it in a Gauntlet)

   [ring of resist corrosion]

   Int:       It affects your intelligence (+3).
   Slay:      It affects your accuracy & damage with ranged weapons and melee
   (+2).
   rN:        It renders you almost immune to negative energy.
   rCorr:     It protects you from acid and corrosion.
   *Slow:     It may slow you when you take damage.
 r - a ring of resist corrosion (left hand)
 A - a ring of see invisible
 D - the amulet of Vasat (around neck) {Reflect Fly rC+ MP+9 Int-3 SH+5}
   (You found it in a Gauntlet)

   [amulet of reflection]

   It reflects blocked missile attacks.
   Int:       It affects your intelligence (-3).
   rC:        It protects you from cold.
   MP:        It affects your magic capacity (+9).
   Fly:       It grants you flight.
   SH:        It affects your SH (+5).
 J - a ring of protection from fire
 K - a ring of willpower (right hand)
 O - an amulet of magic regeneration
Wands
 l - a wand of quicksilver (7)
 q - a wand of iceblast (9)
 F - a wand of charming (3)
 N - a wand of flame (11)
Scrolls
 g - a scroll of vulnerability
 j - 4 scrolls of enchant weapon
 p - 4 scrolls of blinking
 s - 4 scrolls of fog
 t - 5 scrolls of amnesia
 w - a scroll of immolation
 x - 5 scrolls of teleportation
 C - 2 scrolls of fear {unknown}
 I - a scroll of acquirement {unknown}
 M - a scroll of poison {unknown}
Potions
 a - 3 potions of flight
 b - a potion of magic
 d - 8 potions of curing
 f - 7 potions of haste
 i - 4 potions of lignification
 k - 2 potions of resistance
 n - 3 potions of attraction {unknown}
 o - 6 potions of degeneration {unknown}
 u - 3 potions of mutation {unknown}
 v - 4 potions of heal wounds {unknown}
 z - a potion of might {unknown}
 E - 6 potions of brilliance {unknown}


   Skills:
 - Level 1.7 Dodging
 - Level 1.7 Stealth
 + Level 14.2 Spellcasting
 + Level 15.6 Conjurations


You had 30 spell levels left.
You knew the following spells:

 Your Spells              Type           Power      Damage    Failure   Level
a - Magic Dart            Conj           100%       1d8       0%          1
b - Searing Ray           Conj           100%       2d8       0%          2
c - Iskenderun's Mystic   Conj/Tloc      66%        2d14      1%          4
d - Stone Arrow           Conj/Erth      100%       3d13      1%          3

Your spell library contained the following spells:

 Spells                   Type           Power      Damage    Failure   Level
 Beastly Appendage        Tmut           46%        N/A       1%          1
 Summon Small Mammal      Summ           92%        N/A       1%          1
 Dazzling Flash           Conj/Hex       100%       N/A       1%          3
 Fulminant Prism          Conj/Hex       33%        3d16      1%          4
 Ensorcelled Hibernation  Hex/Ice        46%        N/A       2%          2
 Passwall                 Tmut/Erth      19%        N/A       2%          2
 Sublimation of Blood     Necr           23%        N/A       2%          2
 Wereblood                Tmut           23%        N/A       2%          2
 Call Canine Familiar     Summ           23%        N/A       5%          3
 Inner Flame              Hex/Fire       23%        N/A       5%          3
 Spider Form              Tmut/Pois      23%        N/A       5%          3
 Summon Guardian Golem    Hex/Summ       23%        N/A       5%          3
 Swiftness                Air            35%        N/A       5%          3
 Animate Armour           Summ/Erth      46%        N/A       19%         4
 Cause Fear               Hex            11%        N/A       19%         4
 Ice Form                 Ice/Tmut       23%        N/A       19%         4
 Yara's Violent Unravell  Hex/Tmut       11%        3d6       45%         5
 Lehudib's Crystal Spear  Conj/Erth      33%        10d8      99%         8
 Enfeeble                 Hex            11%        N/A       100%        7
 Ozocubu's Refrigeration  Ice            11%        4d10      100%        7
 Summon Hydra             Summ           11%        N/A       100%        7


Dungeon Overview and Level Annotations

Branches:
Dungeon (10/15)            Temple (0/1) D:7            Lair (5/5) D:8
 Shoals (0/4) Lair:3        Snake (1/4) Lair:2      Ossuary (visited)
 Bailey (visited)         Gauntlet (1/1)
  Slime: Lair:4-5       Orc: D:9-12

Shops:
D:1 (   D:2 **   D:6 =   D:9 [

Annotations:
Lair:4 exclusion: 3 oklob plants Gauntlet 8 transporters, 3 runed translucent doors, exclusion: orange crystal statue


Innate Abilities, Weirdness & Mutations

You have an increased reservoir of magic. (+10% MP)
You shall have no god before yourself.
Your divine heritage dramatically boosts your attributes as you level up.


Message History

You erupt in a blast of force!
The mystic blast hits the minotaur!
The minotaur is severely wounded.
The minotaur is knocked back by the mystic blast.
The minotaur slams into the metal wall!
The minotaur is severely wounded.
Unknown command.
Casting: Iskenderun's Mystic Blast (mildly dangerous; 1% risk of failure)
Confirm with . or Enter, or press ? or * to list all spells.
Aiming: Stone Arrow (safe; 1% risk of failure)
Press: ? - help, Shift-Dir - straight line, f/p - minotaur
Aim: a minotaur, wielding the +8 mithril axe "Arga" {speed, Will+}, wearing quicksilver dragon scales, wearing a +2 tower shield of protection and quivering silver javelins (severely wounded, 89% to hit)
The minotaur blocks the stone arrow.
Unknown command.
Unknown command.
Casting: Stone Arrow (safe; 1% risk of failure)
Confirm with . or Enter, or press ? or * to list all spells.
Aiming: Stone Arrow (safe; 1% risk of failure)
Press: ? - help, Shift-Dir - straight line, f/p - minotaur
Aim: a minotaur, wielding the +8 mithril axe "Arga" {speed, Will+}, wearing quicksilver dragon scales, wearing a +2 tower shield of protection and quivering silver javelins (severely wounded, 89% to hit)
The minotaur blocks the stone arrow.
The minotaur throws a silver javelin.
The silver javelin pierces through you.
Casting: Stone Arrow (safe; 1% risk of failure)
Confirm with . or Enter, or press ? or * to list all spells.
Aiming: Stone Arrow (safe; 1% risk of failure)
Press: ? - help, Shift-Dir - straight line, f/p - minotaur
Aim: a minotaur, wielding the +8 mithril axe "Arga" {speed, Will+}, wearing quicksilver dragon scales, wearing a +2 tower shield of protection and quivering silver javelins (severely wounded, 89% to hit)
The minotaur blocks the stone arrow.
The minotaur throws a silver javelin.
The silver javelin pierces through you!!
Unknown command.
Casting: Stone Arrow (safe; 1% risk of failure)
Confirm with . or Enter, or press ? or * to list all spells.
Aiming: Stone Arrow (safe; 1% risk of failure)
Press: ? - help, Shift-Dir - straight line, f/p - minotaur
Aim: a minotaur, wielding the +8 mithril axe "Arga" {speed, Will+}, wearing quicksilver dragon scales, wearing a +2 tower shield of protection and quivering silver javelins (severely wounded, 89% to hit)
The minotaur blocks the stone arrow.
Unknown command.
Unknown command.
Magic courses through your body.
The minotaur throws a silver javelin.
The silver javelin pierces through you!!!
You die...

..#..##..#...≈#
...#....w#...##
##########...≈#
.............###### #####
....8.....8.####... ....#
............≈##..###.##.##
#########...##..H.......8#
#.......#...#....#.#.....
###.###)#...#.8©@#.#.####
##...#.?#...#....#.H.#
##.#©#.©#.8.#.8©.###.'.....
#..#Y...#...#....# .#8.8:8
#.###.#[#...#.8©.# .# ####
#.YYpY.Y#...#....# ..
#########...##......H...
............≈##..###.##.
....8.....8.####... ..


You could see a minotaur.

Vanquished Creatures
  3 hydras
  2 boulder beetles
  A centaur warrior (D:10)
  A catoblepas (Lair:4)
  A tengu warrior (D:10)
  A death yak (Lair:5)
  2 skysharks
  A cyclops (D:10)
  2 manticores
  15 elephants
  An apocalypse crab (Gauntlet)
  2 black mambas (Lair:2)
  5 cane toads
  2 torpor snails
  Psyche (D:8)
  Maggie (D:9)
  An unseen horror (D:10)
  6 komodo dragons
  A kobold demonologist (D:10)
  A troll (D:10)
  2 hornets
  A tyrant leech (Gauntlet)
  2 polar bears
  Grinder (D:3)
  7 blink frogs
  A wind drake (Lair:3)
  9 dream sheep
  Sigmund (D:2)
  A shadow (D:10)
  A basilisk (Lair:2)
  28 yaks
  A wraith (D:10)
  6 wyverns
  8 steam dragons
  A vampire mosquito (D:10)
  5 nagas
  4 swamp worms (Gauntlet)
  12 water moccasins
  Duvessa (D:7)
  2 ice beasts
  7 orc warriors
  5 black bears
  2 ogres (D:5)
  4 centaurs
  9 kobold brigands
  9 bullfrogs
  A scorpion (D:5)
  6 water moccasin zombies (Ossuary)
  11 wights
  Dowan (D:7)
  4 killer bees
  A howler monkey (D:5)
  3 hounds
  11 orc priests
  A gnoll bouda (D:5)
  2 jellies
  5 iguanas
  Natasha (thrice) (D:2)
  Terence (D:2)
  8 orc wizards
  2 mummies (Ossuary)
  Robin (D:2)
  9 adders
  4 gnolls
  A shadow imp (D:5)
  6 adder zombies (Ossuary)
  2 worms (D:2)
  6 dart slugs
  34 orcs
  7 ball pythons
  8 bats
  6 endoplasms
  5 giant cockroaches
  4 gnoll zombies (Ossuary)
  22 goblins
  10 hobgoblins
  4 quokkas
  4 frilled lizards
  4 hobgoblin zombies (Ossuary)
  35 kobolds
  3 kobold zombies (Ossuary)
  3 orc zombies (Ossuary)
  8 rats
426 creatures vanquished.

Notes
Turn   | Place    | Note
-------+----------+-------------------------------------------
     0 | D:1      | McKennaii the Demigod Conjurer began the quest for the Orb.
     0 | D:1      | Reached XP level 1. HP: 14/14 MP: 5/5
   366 | D:1      | Reached XP level 2. HP: 20/20 MP: 5/7
   643 | D:1      | Reached skill level 4 in Conjurations
   840 | D:1      | Found Xuvej's Antique Weapon Boutique.
  1359 | D:2      | Reached XP level 3. HP: 26/26 MP: 2/9
  1362 | D:2      | Learned a level 2 spell: Searing Ray
  1450 | D:2      | Noticed Robin
  1686 | D:2      | Noticed Sigmund
  1690 | D:2      | Reached XP level 4. HP: 33/33 MP: 4/11
  1693 | D:2      | Killed Sigmund
  1694 | D:2      | Reached skill level 5 in Conjurations
  1694 | D:2      | Reached XP level 5. HP: 38/38 MP: 0/13
  1845 | D:2      | Killed Robin
  1960 | D:2      | Found Gaob's Assorted Antiques.
  1967 | D:2      | Bought a scroll labelled POTELO ALOKH for 23 gold pieces
  1967 | D:2      | Bought 2 ruby potions for 41 gold pieces
  1967 | D:2      | Bought 2 pink potions for 41 gold pieces
  2232 | D:2      | Found Unozell's General Store.
  2244 | D:2      | Noticed Terence
  2244 | D:2      | Noticed Natasha
  2258 | D:2      | Killed Terence
  2363 | D:2      | Killed Natasha
  2364 | D:2      | Reached XP level 6. HP: 45/45 MP: 8/15
  2498 | D:2      | Noticed Natasha
  2504 | D:2      | Killed Natasha
  2684 | D:2      | Noticed Natasha
  2690 | D:2      | Killed Natasha
  3131 | D:3      | Noticed Grinder
  3137 | D:3      | Paralysed by Grinder for 4 turns
  3143 | D:3      | Killed Grinder
  3144 | D:3      | Reached skill level 6 in Conjurations
  3144 | D:3      | Reached XP level 7. HP: 46/50 MP: 3/17
  3263 | D:3      | Learned a level 4 spell: Iskenderun's Mystic Blast
  3267 | D:3      | Learned a level 3 spell: Stone Arrow
  4061 | D:4      | Reached skill level 5 in Spellcasting
  4943 | D:4      | Reached skill level 7 in Conjurations
  5165 | D:5      | Entered Level 5 of the Dungeon
  5523 | D:5      | Reached XP level 8. HP: 57/57 MP: 7/21
  5934 | D:5      | Reached skill level 8 in Conjurations
  6655 | D:5      | Got Sif Muna's Essays on Congealing Execration
  6775 | D:6      | Found Gexa Kum's Jewellery Boutique.
  7415 | D:6      | Reached XP level 9. HP: 52/62 MP: 1/24
  7483 | D:6      | Reached skill level 9 in Conjurations
  8282 | D:7      | Noticed Duvessa
  8286 | D:7      | Noticed Dowan
  8388 | D:7      | Found a staircase to the Ecumenical Temple.
  8619 | D:7      | Found a flagged portal.
  8637 | Bailey   | Entered a bailey
  8965 | Bailey   | Reached skill level 10 in Conjurations
  9360 | D:7      | Killed Duvessa
  9361 | D:7      | Killed Dowan
  9847 | D:8      | Reached XP level 10. HP: 61/69 MP: 16/27
  9895 | D:8      | Noticed Psyche
  9913 | D:8      | Found a sand-covered staircase.
  9920 | Ossuary  | Entered an ossuary
 10513 | D:8      | Killed Psyche
 10671 | D:8      | Reached skill level 11 in Conjurations
 10908 | D:8      | Found a staircase to the Lair.
 10908 | D:8      | Noticed an elephant
 10951 | D:8      | Killed an elephant
 10952 | D:8      | Reached skill level 10 in Spellcasting
 11972 | D:9      | Noticed Maggie
 11979 | D:9      | Killed Maggie
 12120 | D:9      | Found Fafais's Armour Boutique.
 12128 | D:9      | Bought a +2 pair of boots of flying for 365 gold pieces
 12539 | D:9      | Reached skill level 12 in Conjurations
 12539 | D:9      | Reached XP level 11. HP: 74/74 MP: 9/30
 13072 | D:10     | Entered Level 10 of the Dungeon
 13167 | D:10     | Noticed a boulder beetle
 13292 | D:10     | Killed a boulder beetle
 13492 | D:10     | Noticed a tengu warrior
 13513 | D:10     | Killed a tengu warrior
 13760 | D:10     | Found the +18 Lear's hauberk
 13907 | D:10     | Noticed a centaur warrior
 14619 | D:10     | Killed a centaur warrior
 14734 | D:10     | Reached skill level 13 in Conjurations
 14934 | Lair:1   | Entered Level 1 of the Lair of Beasts
 15965 | Lair:1   | Noticed a boulder beetle
 15986 | Lair:1   | Killed a boulder beetle
 16179 | Lair:1   | Reached XP level 12. HP: 81/81 MP: 22/33
 16445 | Lair:2   | Reached skill level 14 in Conjurations
 16779 | Lair:2   | Noticed an eight-headed hydra
 16788 | Lair:2   | Killed an eight-headed hydra
 17074 | Lair:2   | Found a staircase to the Snake Pit.
 17450 | Snake:1  | Entered Level 1 of the Snake Pit
 17761 | Lair:3   | Found a staircase to the Shoals.
 18460 | Lair:4   | Noticed a seven-headed hydra
 18523 | Lair:4   | Noticed a five-headed hydra
 18527 | Lair:4   | Killed a five-headed hydra
 18564 | Lair:4   | Killed a seven-headed hydra
 18565 | Lair:4   | Reached skill level 15 in Conjurations
 18814 | Lair:4   | Reached XP level 13. HP: 74/86 MP: 3/35
 19298 | Lair:5   | Entered Level 5 of the Lair of Beasts
 19435 | Lair:5   | Found a gate leading to a gauntlet.
 19481 | Gauntlet | Entered a Gauntlet
 19481 | Gauntlet | Found a transporter.
 19595 | Gauntlet | Found a transporter.
 19614 | Gauntlet | Found a transporter.
 19617 | Gauntlet | Found a transporter.
 19619 | Gauntlet | Found a large runed translucent door.
 19620 | Gauntlet | Found a large runed translucent door.
 19621 | Gauntlet | Found a large runed translucent door.
 19621 | Gauntlet | Found a large runed translucent door.
 19621 | Gauntlet | Found a runed translucent door.
 19622 | Gauntlet | Found a large runed translucent door.
 19623 | Gauntlet | Found a large runed translucent door.
 19624 | Gauntlet | Found a large runed translucent door.
 19624 | Gauntlet | Found a large runed translucent door.
 19625 | Gauntlet | Found a runed translucent gate.
 19638 | Gauntlet | Found a transporter.
 19638 | Gauntlet | Found a runed translucent gate.
 19639 | Gauntlet | Found a runed translucent gate.
 19641 | Gauntlet | Found a large runed translucent door.
 19642 | Gauntlet | Found a large runed translucent door.
 19651 | Gauntlet | Found a transporter.
 19652 | Gauntlet | Found a large runed translucent door.
 19665 | Gauntlet | Found a transporter.
 19692 | Gauntlet | Found a runed translucent gate.
 19692 | Gauntlet | Found a transporter.
 19692 | Gauntlet | Found a transporter.
 19692 | Gauntlet | Found a runed translucent gate.
 19698 | Gauntlet | Found a transporter.
 19711 | Gauntlet | Found a runed translucent gate.
 19721 | Gauntlet | Found a transporter.
 19725 | Gauntlet | Found a transporter.
 19748 | Gauntlet | Found a large runed translucent door.
 19749 | Gauntlet | Found a large runed translucent door.
 19750 | Gauntlet | Found a large runed translucent door.
 19751 | Gauntlet | Found a large runed translucent door.
 19751 | Gauntlet | Found a runed translucent door.
 19752 | Gauntlet | Found a large runed translucent door.
 19792 | Gauntlet | Identified the ring "Det Eten" {*Slow rN+++ rCorr Int+3
                  | Slay+2}
 19959 | Gauntlet | Identified the amulet of Vasat {Reflect Fly rC+ MP+9 Int-3
                  | SH+5}
 20011 | Gauntlet | Noticed a minotaur
 20043 | Gauntlet | Hit by a silver javelin thrown by a minotaur

Illustrated notes

Levels and vault maps discovered:
D:1:      minmay_arrival_checkered_box, layout_loops_ring,
          hellmonk_ecumenical_altar_lost_god, serial_shops,
          nicolae_shop_pleasant_corner_grove, minmay_tromino_v4_a
D:2:      layout_loops_ring, basic_altar, serial_shops, shop,
          nicolae_shop_behind_doors, uniq_sigmund, uniq_robin, uniq_terence,
          uniq_natasha
D:3:      wad_river_or_something, layout_basic, uniq_grinder
D:4:      layout_basic, mainiacjoe_overflow_cross_hatched, kennysheep_mini
D:5:      layout_basic, nicolae_overflow_two_pavilions, minmay_manual_moon
D:6:      layout_loops_corners, nicolae_overflow_hidden_temple, serial_shops,
          nicolae_lakefront_shop
D:7:      layout_rooms, minmay_temple_entry_statues_pillars, enter_bailey_5,
          chequers_avenue, uniq_duvessa
D:8:      layout_cave_pods, mainiacjoe_overflow_tiny_flanked,
          david_lair_generic, chequers_ossuary_entry_cave, uniq_psyche
D:9:      layout_irregular_city, serial_shops, nicolae_shop_getting_attention,
          uniq_maggie
D:10:     minmay_clustersquares, layout_gridville, hellmonk_guarded_unrand_lears
Lair:1:   layout_gridlike, basic_altar, serial_bayou_pond_d
Lair:2:   layout_chaotic_city, minmay_snake_entry_guardpost_small
Lair:3:   layout_chaotic_city, minmay_shoals_entry_beasts, serial_bayou_shore_a
Lair:4:   layout_misc_corridors, minmay_slime_entry_oklob_enclosed,
          infiniplex_staircase_pool
Lair:5:   wormcave, layout_layer_cave, hangedman_lair_in_review,
          gauntlet_entry_generic, wad_woods_road_06, st_stairs_11,
          grunt_forest_stairs_basic
Snake:1:  layout_chambers, special_room
Gauntlet: minmay_gauntlet_mixed_oops_all_seconds
          [minmay_gauntlet_arena_77_run_for_it, nicolae_gauntlet_arena_quarters,
          minmay_gauntlet_arena_77_checkered, gammafunk_gauntlet_arena_teeth,
          minmay_gauntlet_arena_77_broken_ladder,
          minmay_gauntlet_arena_make_your_own_arena,
          nicolae_gauntlet_exit_dead_adventurers]

Skill      XL: |  1  2  3  4  5  6  7  8  9 10 11 12 13 |
---------------+----------------------------------------+-----
Spellcasting   | 2 3 4 6 7 9 10 12 13 14 | 14.2
Conjurations   | 4 5 6 7 8 10 12 13 15 | 15.6
Dodging        | |  1.7
Stealth        | |  1.7

Action                     |  1- 3 |  4- 6 |  7- 9 | 10-12 | 13-15 || total
---------------------------+-------+-------+-------+-------+-------++-------
  Melee: Unarmed           |     7 |       |     2 |       |       ||     9
         Staff             |       |       |    20 |     1 |       ||    21
         Great sword       |       |       |     3 |    82 |       ||    85
   Cast: Magic Dart        |    81 |    63 |     2 |     3 |       ||   149
         Searing Ray       |     4 |    11 |    18 |     9 |       ||    42
         Stone Arrow       |       |       |   164 |   279 |    48 ||   491
         Iskenderun's Myst |       |       |     9 |    84 |    24 ||   117
  Evoke: Wand              |       |       |       |     1 |       ||     1
    Use: Scroll            |       |       |     7 |     8 |     2 ||    17
         Potion            |       |       |     2 |       |     1 ||     3
   Stab: Sleeping          |       |       |       |     2 |       ||     2
 Armour: Robe              |     4 |     3 |     5 |       |       ||    12
         Steam dragon scal |       |       |    18 |   126 |    10 ||   154
  Dodge: Dodged            |    18 |     2 |    78 |   145 |     6 ||   249
